 Dungeon Crawl Stone Soup version 0.29-a0-380-gf50f0a9fbc (webtiles) character file.

Game seed: 8866082332704537372

96 ryw the Skirmisher (level 4, 0/39 HPs)
             Began as a Demonspawn Monk on May 5, 2022.
             Succumbed to an orc's poison
             ... on level 3 of the Dungeon.
             The game lasted 00:03:52 (2801 turns).

ryw the Skirmisher (Demonspawn Monk)                Turns: 2801, Time: 00:03:52

Health: 0/39       AC:  5    Str: 13    XL:     4   Next: 41%
Magic:  4/4        EV: 12    Int: 12    God:
Gold:   172        SH:  0    Dex: 15    Spells: 3/3 levels left

rFire   . . .      SeeInvis .   l - +1 war axe
rCold   . . .      Faith    .   (no shield)
rNeg    . . .      Spirit   .   e - +0 leather armour
rPois   .          Reflect  .   (helmet restricted)
rElec   .          Harm     .   d - +1 cloak
rCorr   .          Rampage  .   (no gloves)
Will    .....                   (no boots)
Stlth   ++........              (no amulet)
HPRegen 0.13/turn               (no ring)
MPRegen 0.09/turn               (no ring)

@: lethally poisoned (0 -> -24)
A: horns 1
a: no special abilities


You were on level 3 of the Dungeon.
You visited 1 branch of the dungeon, and saw 4 of its levels.

You collected 172 gold pieces.

Inventory:

Hand Weapons
 l - a +1 war axe (weapon)
Missiles
 g - 6 poisoned darts
 h - 7 curare-tipped darts (quivered)
Armour
 a - a +0 robe
 d - a +1 cloak (worn)
 e - a +0 leather armour (worn)
Jewellery
 o - a ring of flight
Wands
 s - a wand of iceblast (7)
 v - a wand of mindburst (18)
Scrolls
 c - 2 scrolls of identify
 f - 2 scrolls of vulnerability
 t - 2 scrolls of teleportation
Potions
 b - a potion of ambrosia
 i - a potion of berserk rage
 j - 2 potions of curing {unknown}
 k - a potion of flight {unknown}
 m - a potion of magic {unknown}
 n - a potion of degeneration {unknown}
 q - a potion of lignification {unknown}
 r - 2 potions of haste {unknown}
 x - a potion of cancellation {unknown}


   Skills:
 + Level 5.3 Fighting
 - Level 2.6 Dodging
 - Level 1.7 Stealth
 - Level 2.6 Unarmed Combat


You had 3 spell levels left.
You didn't know any spells.
Your spell library contained the following spells:

 Spells                   Type           Power      Damage    Failure   Level
 Ensorcelled Hibernation  Hex/Ice        0%         N/A       54%         2
 Spider Form              Tmut/Pois      0%         N/A       77%         3
 Anguish                  Hex/Necr       0%         N/A       99%         4


Dungeon Overview and Level Annotations

Branches:
Dungeon (4/15)
 Temple: D:4-7

Altars:


Innate Abilities, Weirdness & Mutations

You have a pair of small horns on your head.


Message History

The orc hits you with a +0 club.
You closely miss the orc. Your headbutt misses the orc.
The orc is severely wounded.
You hit the orc wizard. You hit the orc but do no damage.
You feel very sick. The orc wizard closely misses you.
The orc hits you but does no damage.
You are more poisoned.
The orc hits you with a +0 club.
The orc wizard mumbles some strange words.
The orc wizard flickers and vanishes!
Deactivating autopickup; reactivate with Ctrl-A.
The orc hits you but does no damage.
You are more poisoned.
The orc barely misses you.
You closely miss the orc. You headbutt the orc.
You kill the orc!
You miss something. You closely miss the orc.
You feel extremely sick. Something hits you.
The orc hits you but does no damage.
Unknown command.
You are too injured to fight recklessly!
You are too injured to fight recklessly!
Unknown command.
You are too injured to fight recklessly!
Unknown command.
You are too injured to fight recklessly!
Unknown command.
You are too injured to fight recklessly!
You barely miss something. You closely miss the orc.
You feel very sick. Something completely misses you.
The orc hits you with a +1 short sword of venom.
* * * LOW HITPOINT WARNING * * *
You are more poisoned.
Something hits you.
* * * LOW HITPOINT WARNING * * *
The orc hits you with a +1 short sword of venom.
* * * LOW HITPOINT WARNING * * *
You barely miss something. You completely miss the orc.
You die...

######## ######
####).....# #.....
#..o@...#.# ####.####
#.##{##.#.###.##.####
#.#.......##........#
#.#..#..#.###.##.##.#
#.#..#..#.###.##.##.#
#.............##.....
###..####.#########.#
#..####.###### #.#
######............#
#.#


You could see an orc.

Vanquished Creatures
  3 adders
  A worm (D:2)
  2 dart slugs
  2 orcs (D:3)
  11 bats
  8 endoplasms
  4 giant cockroaches
  5 goblins
  5 hobgoblins
  2 quokkas (D:2)
  6 ball pythons
  2 frilled lizards (D:2)
  4 kobolds
  2 rats
57 creatures vanquished.

Notes
Turn   | Place    | Note
-------+----------+-------------------------------------------
     0 | D:1      | ryw the Demonspawn Monk began the quest for the Orb.
     0 | D:1      | Reached XP level 1. HP: 18/18 MP: 1/1
   346 | D:1      | Discovered your monstrous ancestry.
   346 | D:1      | Gained mutation: You have a pair of small horns on your
                  | head. [demonic ancestry]
   346 | D:1      | Reached XP level 2. HP: 23/24 MP: 2/2
   804 | D:1      | Reached skill level 4 in Fighting
  1139 | D:2      | Reached XP level 3. HP: 30/31 MP: 3/3
  1254 | D:2      | Found a faded altar of an unknown god.
  1938 | D:3      | Reached skill level 5 in Fighting
  1938 | D:3      | Reached XP level 4. HP: 30/39 MP: 4/4
  2801 | D:3      | Succumbed to an orc's poison

Illustrated notes

Levels and vault maps discovered:
D:1:      scummos_arrival_hexagon, layout_rooms, minmay_misc_feat_secret_circle
D:2:      layout_basic, hellmonk_ecumenical_altar_lost_god, minmay_hexomino_c4
D:3:      layout_loops_cross, nicolae_concentric_dashed_squares_wild
D:4:      layout_rooms

Skill      XL: |  1  2  3 |
---------------+----------+-----
Fighting       | 4 5 |  5.3
Dodging        | |  2.6
Stealth        | |  1.7
Unarmed Combat | |  2.6

Action                   |  1- 3 |  4- 6 || total
-------------------------+-------+-------++-------
Melee: Unarmed           |    89 |       ||    89
       Headbutt          |    17 |     5 ||    22
       War axe           |    50 |    32 ||    82
       Punch             |     2 |     1 ||     3
  Use: Scroll            |     4 |     3 ||     7
 Stab: Sleeping          |     4 |     2 ||     6
Armor: Leather armour    |    66 |    17 ||    83
Dodge: Dodged            |   144 |    23 ||   167

Table legend: (Time is in decaauts)
 A = Elapsed time spent in this place.
 B = Non-inter-level travel time spent in this place.
 C = Inter-level travel time spent in this place.
 D = Time resting spent in this place.
 E = Time spent auto-exploring this place.
 F = Levels seen in this place.
 G = Mean time per level.
                   A        B        C        D        E       F      G
               +--------+--------+--------+--------+--------+-----+--------+
         Total |   2836 |   2743 |     93 |    577 |   1637 |   4 |  709.0 |
       Dungeon |   2836 |   2743 |     93 |    577 |   1637 |   4 |  709.0 |
               +--------+--------+--------+--------+--------+-----+--------+

Top non-repeatable levels by time:
     D:1: 1080 daAuts
     D:3: 972 daAuts
     D:2: 781 daAuts
     D:4: 1 daAuts
